 Dungeon Crawl Stone Soup version 0.21.1-1-g345015fe64 (webtiles) character file.

628 Gunterle the Sneak (level 7, -9/48 HPs)
             Began as an Octopode Assassin on July 11, 2018.
             Was a Follower of Dithmenos.
             Mangled by Prince Ribbit (18 damage)
             ... on level 5 of the Dungeon.
             The game lasted 00:37:40 (5345 turns).

Gunterle the Sneak (Octopode Assassin)              Turns: 5345, Time: 00:37:41

Health: -9/48      AC:  1    Str: 11    XL:     7   Next: 48%
Magic:  8/8        EV: 14    Int: 15    God:    Dithmenos [*.....]
Gold:   239        SH:  0    Dex: 15    Spells: 6/6 levels left

rFire    . . .     SeeInvis .   G - +2 dagger (vamp)
rCold    . . .     Gourm    .   (no shield)
rNeg     . . .     Faith    .   (helmet restricted)
rPois    .         Spirit   .   (no amulet)
rElec    .         Reflect  .   h - ring of wizardry
rCorr    .         Harm     .   w - +2 ring of intelligence
MR       .....                  (no ring)
Stlth    +++++.....             (no ring)
HPRegen  0.16/turn              (no ring)
MPRegen  0.11/turn              (no ring)
                                (no ring)
                                (no ring)

@: wreathed by umbra, drained
A: almost no armour, stealthy swim, amphibious, 8 rings, constrict 8, camouflage
1, gelatinous body 1
a: Renounce Religion


You were on level 5 of the Dungeon.
You worshipped Dithmenos.
Dithmenos was aware of your devotion.
You were hungry.

You visited 1 branch of the dungeon, and saw 5 of its levels.

You collected 239 gold pieces.

Inventory:

Hand Weapons
 a - a +2 dagger
 b - a +0 blowgun
 y - a +0 hunting sling
 z - a +0 dagger of draining
 B - a +0 long sword
 G - a +2 vampiric dagger (weapon)
Missiles
 c - 21 poisoned needles
 d - 2 curare-tipped needles
 i - 25 bolts
 j - 178 stones
 p - 24 arrows
 v - a throwing net
 E - 10 sling bullets
 I - 4 tomahawks (quivered)
Jewellery
 h - a ring of wizardry (left tentacle)
 w - a +2 ring of intelligence (right tentacle)
 A - an uncursed amulet of faith
Wands
 g - a wand of scattershot (6)
 s - a wand of random effects (26)
Scrolls
 l - 4 scrolls of remove curse
 n - a scroll of noise {unknown}
 t - a scroll of enchant armour
 x - a scroll of teleportation
 F - a scroll of immolation {unknown}
 H - a scroll of identify {unknown}
Potions
 e - 3 potions of flight {unknown}
 k - 4 potions of curing {unknown}
 m - 3 potions of berserk rage {unknown}
 o - 3 potions of might {unknown}
 q - a potion of mutation {unknown}
 r - 2 potions of degeneration {unknown}
 u - 2 potions of agility {unknown}
 J - a potion of invisibility {unknown}
Comestibles
 f - 11 rations
 C - 6 chunks of flesh


   Skills:
 * Level 4.2(4.1) Fighting
 * Level 4.2(4.1) Short Blades
 + Level 3.6 Throwing
 * Level 3.0 Dodging
 + Level 6.9(6.8) Stealth
 + Level 1.8 Evocations


You had 6 spell levels left.
You didn't know any spells.

Dungeon Overview and Level Annotations

Branches:
Dungeon (5/15)
 Temple: D:4-7

Altars:
Dithmenos

Shops:
D:5 (

Annotations:
D:5 Pikel, Prince Ribbit


Innate Abilities, Weirdness & Mutations

You cannot wear most types of armour.
You are very stealthy in the water. (Stealth+)
You are amphibious.
You can wear up to eight rings at the same time.
You can use your tentacles to constrict eight enemies at once.
Your skin changes colour to match your surroundings (Stealth+).
Your rubbery body absorbs attacks. (AC +1, EV +1)


Message History

Prince Ribbit is lightly wounded.
Prince Ribbit blinks!
Prince Ribbit hits you!
You miss Prince Ribbit. Your grab misses Prince Ribbit.
Prince Ribbit is lightly wounded.
Prince Ribbit barely misses you.
You hit Prince Ribbit.
You feel better.
Your grab misses Prince Ribbit.
Prince Ribbit is lightly wounded.
Prince Ribbit hits you!
You closely miss Prince Ribbit. You grab Prince Ribbit.
Prince Ribbit is lightly wounded.
You constrict Prince Ribbit. Prince Ribbit hits you!!
* * * LOW HITPOINT WARNING * * *
You are too injured to fight recklessly!
You are too injured to fight recklessly!
You are too injured to fight recklessly!
You hit Prince Ribbit.
You feel better.
Prince Ribbit is moderately wounded.
You constrict Prince Ribbit. Prince Ribbit hits you!!
You die...

##.## #.# #. #.# #.#
#. .. #.# #. ### #.#
#. #.######.
#........ #........
#.############.######
#..F@..........#
################


You could see Prince Ribbit.

Vanquished Creatures
  3 slaves
  2 ogres
  A hound (D:5)
  Ijyb (D:3)
  Jessica (D:2)
  4 orc wizards (D:4)
  3 worker ants
  4 gnolls (D:3)
  4 adders
  An adder skeleton (D:5)
  A worm (D:3)
  2 dart slugs
  3 leopard geckos
  8 orcs
  5 bats
  2 giant cockroaches
  10 hobgoblins
  18 jackals
  2 quokkas
  3 ball pythons
  A ball python zombie (D:4)
  7 frilled lizards
  16 goblins
  7 kobolds
  4 rats
113 creatures vanquished.

Notes
Turn   | Place    | Note
-------+----------+-------------------------------------------
     0 | D:1      | Gunterle the Octopode Assassin began the quest for the Orb.
     0 | D:1      | Reached XP level 1. HP: 14/14 MP: 1/1
    98 | D:1      | Reached XP level 2. HP: 18/19 MP: 2/2
   595 | D:1      | Reached XP level 3. HP: 24/24 MP: 3/3
  1103 | D:2      | Found a shadowy altar of Dithmenos.
  1201 | D:2      | Became a worshipper of Dithmenos the Shadowed
  1230 | D:2      | Noticed Jessica
  1233 | D:2      | Killed Jessica
  1233 | D:2      | Reached XP level 4. HP: 30/30 MP: 4/4
  1991 | D:2      | Reached skill level 6 in Stealth
  2166 | D:3      | Reached * piety under Dithmenos
  2271 | D:3      | Reached XP level 5. HP: 36/36 MP: 5/5
  2824 | D:3      | Noticed Ijyb
  2845 | D:3      | Killed Ijyb
  3488 | D:4      | Reached XP level 6. HP: 35/42 MP: 6/6
  3830 | D:4      | Reached skill level 1 in Evocations
  4307 | D:4      | Reached XP level 7. HP: 47/47 MP: 6/8
  4588 | D:5      | Entered Level 5 of the Dungeon
  4608 | D:5      | Noticed Pikel
  4710 | D:5      | Found Zoshrea's Antique Weapon Shoppe.
  5332 | D:5      | Noticed Prince Ribbit
  5345 | D:5      | Mangled by Prince Ribbit

Skill      XL: |  1  2  3  4  5  6  7 |
---------------+----------------------+-----
Dodging        | 2 3 |  3.0
Stealth        | 6 |  6.9
Fighting       | 3 4 |  4.2
Short Blades   | 3 4 |  4.2
Throwing       | 3 |  3.6
Evocations     | 1 |  1.8

Action                   |  1- 3 |  4- 6 |  7- 9 || total
-------------------------+-------+-------+-------++-------
Melee: Dagger            |    59 |   168 |    45 ||   272
       Constrict         |     9 |    38 |     6 ||    53
       Tentacles         |     5 |    30 |    12 ||    47
 Fire: Blowgun           |       |    10 |       ||    10
Throw: Tomahawk          |       |     4 |       ||     4
  Use: Scroll            |       |     4 |     2 ||     6
 Stab: Sleeping          |    12 |    22 |     6 ||    40
  Eat: Chunk             |     1 |     8 |     2 ||    11
       Ration            |       |     2 |       ||     2
Armor: Skin              |     3 |     9 |       ||    12
Dodge: Dodged            |    29 |   115 |    27 ||   171
